 Dungeon Crawl Stone Soup version 0.18.1-48-g4cf74bf (webtiles) character file.

308 Joat the Chopper (level 6, -7/53 HPs)
             Began as a Minotaur Fighter on Aug 19, 2016.
             Mangled by an ogre
             ... wielding a +0 giant club
              (21 damage)
             ... on level 4 of the Dungeon.
             The game lasted 00:07:45 (2386 turns).

Joat the Chopper (Minotaur Fighter)                 Turns: 2386, Time: 00:07:46

Health: -7/53      AC:  8    Str: 21    XL:     6   Next: 17%
Magic:  5/5        EV:  7    Int:  6    God:
Gold:   197        SH: 10    Dex: 10    Spells: 0 memorised, 5 levels left

rFire  . . .     SeeInvis .     a - +0 war axe
rCold  . . .     Gourm    .     b - +0 scale mail
rNeg   . . .     Faith    .     c - +0 shield
rPois  .         Spirit   .     (helmet restricted)
rElec  .         Dismiss  .     q - +0 cloak
rCorr  .         Reflect  .     (no gloves)
SustAt .         Harm     .     (no boots)
MR     .....                    (no amulet)
Stlth  ..........               (no ring)
                                (no ring)

@: lethally poisoned (-7 -> -8), not resistant to hostile enchantments,
extremely unstealthy
A: retaliatory headbutt, horns 2
a: no special abilities


You were on level 4 of the Dungeon.
You were not hungry.

You visited 1 branch of the dungeon, and saw 4 of its levels.

You collected 197 gold pieces.

Inventory:

Hand Weapons
 a - a +0 war axe (weapon)
Armour
 b - a +0 scale mail (worn)
 c - a +0 shield (worn)
 q - a +0 cloak (worn)
Scrolls
 e - a scroll of amnesia {unknown}
 h - a scroll of fog {unknown}
 i - 2 scrolls of enchant weapon {unknown}
 j - 6 scrolls of identify {unknown}
 m - 2 scrolls of magic mapping {unknown}
 o - 3 scrolls of remove curse {unknown}
 s - a scroll of teleportation {unknown}
Potions
 d - a potion of might
 k - a potion of resistance {unknown}
 r - a potion of curing {unknown}
Comestibles
 f - a bread ration
 g - 2 meat rations
 n - a beef jerky
 p - a slice of pizza


   Skills:
 + Level 4.6 Fighting
 * Level 5.4 Axes
 + Level 4.9 Armour
 + Level 5.0 Shields


You had 5 spell levels left.
You didn't know any spells.

Dungeon Overview and Level Annotations

Branches:
Dungeon (4/15)
 Temple: D:4-7

Altars:
Ashenzari
Nemelex Xobeh
Xom


Innate Abilities, Weirdness & Mutations

You reflexively headbutt those who attack you in melee.
You have a pair of horns on your head.


Message History

You feel sick. The ogre hits you with a giant club.
You slash the ogre!
The ogre is moderately wounded.
You feel sick. The ogre hits you with a giant club!
You hit the ogre. Your headbutt misses the ogre.
The ogre is heavily wounded.
You block the ogre's attack.
You closely miss the ogre. Your headbutt misses the ogre.
The ogre is heavily wounded.
You feel sick. The ogre barely misses you. You furiously retaliate!
You headbutt the ogre. You barely miss the ogre. You headbutt the ogre.
The ogre is almost dead.
The ogre hits you with a giant club!!
* * * LOW HITPOINT WARNING * * *
You closely miss the ogre.
The ogre is severely wounded.
The ogre hits you with a giant club!!
You die...

.................
...........##....
................ #
.......#........ .# .
.............#.####.# ..
.......##....#......#?..
>............+.........
.......##....#%....#
................@O.#
.......#####....#.......
..............?.##.#....
###########.....# .# ...
.....<..# # .
..........# ..........#
..#........ ..#.).......


You could see an ogre.

Vanquished Creatures
  4 crimson imps (D:3)
  A worker ant (D:4)
  A hound skeleton (D:4)
  6 adders
  4 worms
  2 dart slugs
  3 giant geckos
  2 orcs (D:3)
  9 bats
  3 giant cockroaches
  4 hobgoblins
  2 jackals (D:3)
  5 kobolds
  2 quokkas (D:2)
  2 ball pythons
  4 giant newts
  9 goblins
  7 rats
70 creatures vanquished.

Notes
Turn   | Place    | Note
--------------------------------------------------------------
     0 | D:1      | Joat the Minotaur Fighter began the quest for the Orb.
     0 | D:1      | Reached XP level 1. HP: 19/19 MP: 0/0
   150 | D:1      | Found a shattered altar of Ashenzari.
   154 | D:1      | Reached XP level 2. HP: 27/27 MP: 1/1
   780 | D:2      | Reached XP level 3. HP: 22/33 MP: 2/2
  1279 | D:2      | Reached XP level 4. HP: 36/40 MP: 3/3
  1669 | D:3      | Found a shimmering altar of Xom.
  1805 | D:3      | Found a sparkling altar of Nemelex Xobeh.
  1838 | D:3      | Reached XP level 5. HP: 37/46 MP: 4/4
  1912 | D:3      | Reached skill level 5 in Axes
  2082 | D:3      | Reached skill level 5 in Shields
  2082 | D:3      | Reached XP level 6. HP: 44/53 MP: 5/5
  2386 | D:4      | Mangled by an ogre

Skill      XL: |  1  2  3  4  5 |
---------------+----------------+-----
Axes           | 3 4 5 |  5.4
Armour         | 4 |  4.9
Shields        | 4 5 |  5.0
Fighting       | 4 |  4.6

Action                   |  1- 3 |  4- 6 || total
-------------------------+-------+-------++-------
Melee: War axe           |    83 |   137 ||   220
       Headbutt          |    11 |    11 ||    22
  Eat: Chunk             |     1 |     4 ||     5
Armor: Scale mail        |    32 |    58 ||    90
Dodge: Dodged            |    33 |    31 ||    64
Block: Shield            |    56 |    56 ||   112
